 Dungeon Crawl Stone Soup version 0.18-a0-1202-g796ae12 (webtiles) character file.

9230 RedPan the Grappler (level 11, -4/79 HPs)
             Began as a Demonspawn Transmuter on Jan 31, 2016.
             Was a High Priest of Makhleb.
             Slain by Oddball22's ghost (16 damage)
             ... on level 11 of the Dungeon.
             The game lasted 00:38:23 (9870 turns).

RedPan the Grappler (Demonspawn Transmuter)         Turns: 9870, Time: 00:38:23

Health: -4/79      AC:  2    Str: 14    XL:     11   Next: 20%
Magic:  12/14      EV: 18    Int: 18    God:    Makhleb [*****.]
Gold:   554        SH:  0    Dex: 16    Spells: 3 memorised, 5 levels left

rFire  . . .     SeeInvis .       - Unarmed
rCold  + . .     Gourm    .     (armour currently unavailable)
rNeg   . . .     Faith    .     (shield currently unavailable)
rPois  .         Spirit   .     (helmet currently unavailable)
rElec  .         Dismiss  .     (cloak currently unavailable)
rCorr  .         Reflect  .     (gloves currently unavailable)
SustAt .         Harm     .     (boots currently unavailable)
MR     .....     Clarity  +     (no amulet)
Stlth  +.........               G - ring of Starshine {rPois Int+3}
                                n - ring of protection from cold

@: spider-form, slowed, drained, very slow, not resistant to hostile
enchantments, very unstealthy
A: (horns 0), rough black scales 2, clarity, powered by death 2, regeneration 1
a: End Transformation, Minor Destruction, Lesser Servant of Makhleb, Major
Destruction, Greater Servant of Makhleb, Renounce Religion


You were on level 11 of the Dungeon.
You worshipped Makhleb.
Makhleb was extremely pleased with you.
You were not hungry.
You were a venomous arachnid creature.
You visited 3 branches of the dungeon, and saw 13 of its levels.
You also visited: Sewer and Bailey.

You collected 554 gold pieces.

Inventory:

Missiles
 I - 33 arrows
Armour
 g - a +0 buckler
 r - a +0 robe of magic resistance (melded)
 t - a +0 pair of boots (melded)
 y - a +1 robe
 B - a +0 troll leather armour {Purgy}
 L - a +0 cloak (melded)
 Q - a +0 robe of cold resistance
Jewellery
 j - an uncursed ring of fire
 n - a ring of protection from cold (left front leg)
 G - the ring of Starshine (right front leg) {rPois Int+3}
   (You found it on level 10 of the Dungeon)

   [ring of poison resistance]

   It affects your intelligence (+3).
   It protects you from poison.
Wands
 E - a wand of random effects (38/48)
 F - a wand of draining (4/15)
 J - a wand of disintegration (12/24)
 P - a wand of teleportation (4/9)
Scrolls
 a - a scroll of immolation
 b - 2 scrolls of magic mapping
 h - 9 scrolls of identify
 i - 2 scrolls of recharging
 l - 10 scrolls of remove curse
 o - 4 scrolls of fog
 q - 2 scrolls of fear
 u - 7 scrolls of teleportation
 w - a scroll of blinking
Potions
 e - a potion of resistance
 f - a potion of cure mutation
 p - 3 potions of curing
 s - 2 potions of flight
 v - 2 potions of poison {unknown}
 x - 2 potions of heal wounds
 z - 3 potions of might {unknown}
 A - 3 potions of brilliance
 C - a potion of cancellation {unknown}
 O - a potion of berserk rage
Books
 c - a book of Changes

   Spells                             Type                      Level
   a - Beastly Appendage              Transmutation                1
   b - Sticks to Snakes               Transmutation                2
   c - Spider Form                    Transmutation/Poison         3
   d - Ice Form                       Ice/Transmutation            4
   e - Blade Hands                    Transmutation                5
Comestibles
 d - 9 bread rations
 k - 6 chunks of flesh
 D - 4 meat rations
 H - 6 beef jerkies


   Skills:
 - Level 5.0(4.4) Fighting
 - Level 1.7(1.2) Dodging
 + Level 11.9(11.3) Unarmed Combat
 - Level 2.0(1.5) Spellcasting
 + Level 10.1(9.5) Transmutations


You had 5 spell levels left.
You knew the following spells:

 Your Spells              Type           Power        Failure   Level  Hunger
a - Beastly Appendage     Trmt           #####.       3%          1    ##.....
b - Spider Form           Trmt/Pois      ###.......   24%         3    ####...
c - Blade Hands           Trmt           #####.....   32%         5    ######.


Dungeon Overview and Level Annotations

Branches:
Dungeon (11/15)            Temple (1/1) D:6            Lair (1/8) D:9
    Orc (0/2) D:9

Altars:
Ashenzari
Cheibriados
Dithmenos
Elyvilon
Fedhas
Gozag
Kikubaaqudgha
Makhleb
Nemelex Xobeh
Okawaru
Pakellas
Qazlal
Ru
Sif Muna
Trog
Vehumet
Xom
Yredelemnul
Zin
The Shining One
Beogh

Shops:
D:7 =

Annotations:
D:3 Blork the orc
D:11 Oddball22's ghost, novice FoFi
Lair:1 Arkorax's ghost, journeyman FoGl


Innate Abilities, Weirdness & Mutations

((You have a pair of small horns on your head.))
(You are mostly covered in rough black scales (AC +7, Dex -2).)
You regenerate health from kills.
You possess an exceptional clarity of mind.
Your natural rate of healing is unusually fast.


Message History

You hit Oddball22's ghost but do no damage.
Oddball22's ghost is severely damaged.
Oddball22's ghost hits you but does no damage.
You feel yourself slow down.
You barely miss Oddball22's ghost.
Oddball22's ghost is severely damaged.
Oddball22's ghost hits you.
You closely miss Oddball22's ghost.
Oddball22's ghost is heavily damaged.
Oddball22's ghost misses you.
You hit Oddball22's ghost but do no damage.
Oddball22's ghost is heavily damaged.
Oddball22's ghost hits you.
You are electrocuted!
* * * LOW HITPOINT WARNING * * *
You bite Oddball22's ghost!
Oddball22's ghost is severely damaged.
Oddball22's ghost closely misses you. Oddball22's ghost hits you!
* * * LOW HITPOINT WARNING * * *
You are electrocuted!
You die...

### ...
##########.#####
................
#######sW..####
...............#
####...#######.#
#... #... .....
#.#### #. #


You could see Oddball22's ghost.

Vanquished Creatures
  Erolcha (D:9)
  An orc knight (Bailey)
  Pikel (D:3)
  A hill giant (D:10)
  Maurice (D:8)
  Psyche (D:9)
  The ghost of Psiweapon the Sneak, a novice KoHu (D:5)
  Grinder (D:3)
  6 yaks (D:10)
  2 hippogriffs (D:9)
  A hungry ghost (D:7)
  A steam dragon (D:10)
  Purgy (Sewer)
  11 orc warriors
  3 sky beasts (D:8)
  2 phantoms
  2 slaves (D:3)
  2 centaurs
  5 ogres
  A crocodile (D:10)
  2 big kobolds
  5 giant frogs
  2 scorpions
  5 wights (D:10)
  4 crimson imps
  8 orc priests
  3 jellies
  10 orc wizards
  A giant frog skeleton (D:6)
  2 gnoll shamans
  6 hounds
  An iguana (D:7)
  3 worker ants
  A hound zombie (D:8)
  A hound skeleton (D:7)
  2 worker ant zombies
  17 adders
  18 gnolls
  A river rat (D:6)
  3 shadow imps
  2 oozes
  An adder zombie (D:7)
  3 worms
  6 giant geckos
  57 orcs
  7 giant cockroaches
  19 goblins
  31 hobgoblins
  8 jackals
  3 quokkas
  2 ball pythons
  13 bats
  A giant gecko skeleton (D:5)
  14 giant newts
  2 jackal skeletons
  13 kobolds
  A quokka skeleton (D:4)
  10 rats
  2 fungi (D:9)
335 creatures vanquished.

Vanquished Creatures (others)
  An orc wizard (D:10)
  An orc (D:4)
  2 fungi (D:10)
4 creatures vanquished.

Grand Total: 339 creatures vanquished

Notes
Turn   | Place    | Note
--------------------------------------------------------------
     0 | D:1      | RedPan the Demonspawn Transmuter began the quest for the Orb.
     0 | D:1      | Reached XP level 1. HP: 15/15 MP: 3/3
   243 | D:1      | Reached skill level 3 in Unarmed Combat
   445 | D:1      | Gained mutation: You regenerate a little health from kills. [demonic ancestry]
   445 | D:1      | Reached XP level 2. HP: 14/21 MP: 3/5
   723 | D:1      | Gained mutation: You are partially covered in rough black scales (AC +4, Dex -1). [demonic ancestry]
   723 | D:1      | Reached XP level 3. HP: 23/26 MP: 6/6
   913 | D:1      | Reached skill level 4 in Unarmed Combat
  1382 | D:2      | Found a faded altar to an unknown god.
  1469 | D:2      | Found a bloodstained altar of Trog.
  1554 | D:2      | Gained mutation: You are mostly covered in rough black scales (AC +7, Dex -2). [demonic ancestry]
  1554 | D:2      | Reached XP level 4. HP: 19/32 MP: 7/7
  1597 | D:2      | Found a sacrificial altar of Ru.
  1664 | D:2      | Reached skill level 5 in Unarmed Combat
  1927 | D:2      | Reached XP level 5. HP: 30/37 MP: 6/8
  2125 | D:2      | Gained mutation: Your natural rate of healing is unusually fast. [potion of mutation]
  2125 | D:2      | Gained mutation: You possess an exceptional clarity of mind. [potion of mutation]
  2133 | D:3      | Noticed Blork the orc
  2320 | D:3      | Noticed Grinder
  2320 | D:3      | Paralysed by Grinder for 6 turns
  2333 | D:3      | Paralysed by Grinder for 2 turns
  2352 | D:3      | Killed Grinder
  2352 | D:3      | Reached skill level 6 in Unarmed Combat
  2352 | D:3      | Reached XP level 6. HP: 17/43 MP: 7/9
  2944 | D:3      | Found a deep blue altar of Sif Muna.
  3086 | D:4      | Noticed Pikel
  3086 | D:4      | Noticed a slave
  3086 | D:4      | Noticed a slave
  3086 | D:4      | Noticed a slave
  3086 | D:4      | Noticed a slave
  3119 | D:3      | Killed a slave
  3154 | D:3      | Killed a slave
  3247 | D:3      | Killed Pikel
  3247 | D:3      | Reached skill level 8 in Unarmed Combat
  3247 | D:3      | Reached XP level 7. HP: 11/48 MP: 8/10
  3528 | D:4      | Found a blossoming altar of Fedhas.
  4125 | D:5      | Entered Level 5 of the Dungeon
  4255 | D:5      | Noticed Psiweapon's ghost (novice KoHu)
  4335 | D:4      | Gained mutation: You regenerate health from kills. [demonic ancestry]
  4335 | D:4      | Reached XP level 8. HP: 54/56 MP: 11/11
  4770 | D:5      | Killed Psiweapon's ghost
  4924 | D:6      | Found a glowing drain.
  4928 | Sewer    | Entered a sewer
  5022 | Sewer    | Noticed Purgy
  5036 | Sewer    | Killed Purgy
  5119 | D:6      | Found a shimmering altar of Xom.
  5127 | D:6      | Noticed an angel
  5150 | D:6      | Found a glowing silver altar of Zin.
  5362 | D:6      | Reached skill level 5 in Fighting
  5370 | D:6      | Found a shattered altar of Ashenzari.
  5410 | D:6      | Reached skill level 5 in Transmutations
  5522 | D:6      | Learned a level 3 spell: Spider Form
  5576 | D:6      | Found a staircase to the Ecumenical Temple.
  5587 | Temple   | Entered the Ecumenical Temple
  5749 | Temple   | Became a worshipper of Makhleb the Destroyer
  6151 | D:7      | Reached XP level 9. HP: 68/68 MP: 10/12
  6217 | D:7      | Found Netiw's Jewellery Boutique.
  6368 | D:7      | Reached skill level 9 in Unarmed Combat
  6849 | D:8      | Noticed Maurice
  6868 | D:8      | Killed Maurice
  6955 | D:8      | Reached * piety under Makhleb
  7086 | D:8      | Found a flagged portal.
  7169 | Bailey   | Entered a bailey
  7191 | Bailey   | Reached skill level 10 in Unarmed Combat
  7238 | Bailey   | Reached ** piety under Makhleb
  7345 | Bailey   | Noticed an orc knight
  7368 | Bailey   | Killed an orc knight
  7368 | Bailey   | Gained mutation: You have a pair of small horns on your head. [demonic ancestry]
  7368 | Bailey   | Reached XP level 10. HP: 30/74 MP: 6/13
  7428 | Bailey   | Noticed an orc warlord
  7428 | Bailey   | Noticed an orc knight
  7696 | D:8      | Reached *** piety under Makhleb
  7972 | D:9      | Found a staircase to the Lair.
  8043 | D:9      | Noticed Erolcha
  8051 | D:9      | Killed Erolcha
  8051 | D:9      | Reached skill level 11 in Unarmed Combat
  8271 | D:9      | Found a staircase to the Orcish Mines.
  8345 | D:9      | Learned a level 5 spell: Blade Hands
  8489 | D:9      | Found a roughly hewn altar of Beogh.
  8501 | D:9      | Reached **** piety under Makhleb
  8668 | D:9      | Found a radiant altar of Vehumet.
  8669 | D:9      | Noticed Psyche
  8692 | D:9      | Killed Psyche
  8941 | Lair:1   | Entered Level 1 of the Lair of Beasts
  8941 | Lair:1   | Noticed Arkorax's ghost (journeyman FoGl)
  9126 | D:10     | Entered Level 10 of the Dungeon
  9235 | D:10     | Got a bound marble ring
  9236 | D:10     | Identified the ring of Starshine {rPois Int+3} (You found it on level 10 of the Dungeon)
  9301 | D:10     | Reached XP level 11. HP: 73/79 MP: 10/14
  9440 | D:10     | Reached skill level 10 in Transmutations
  9558 | D:10     | Noticed a hill giant
  9573 | D:10     | Killed a hill giant
  9577 | D:10     | Reached ***** piety under Makhleb
  9760 | D:10     | Got a scorched plate armour
  9761 | D:10     | Identified the cursed +0 plate armour of Quantum Leap {Dex+4} (You found it on level 10 of the Dungeon)
  9846 | D:11     | Noticed Oddball22's ghost (novice FoFi)
  9870 | D:11     | Slain by Oddball22's ghost

Vault maps used:
D:1:      minmay_arrival_doors, serial_forest, infiniplex_forest_zigzag_1,
          infiniplex_forest_corner_2, infiniplex_forest_join,
          infiniplex_forest_clump_tiny, infiniplex_forest_clump_medium,
          infiniplex_forest_corner_2, infiniplex_forest_corner_2,
          minmay_close_crescents
D:2:      nicolae_ru_great_annihilating_truth, bloody_trog, ecumenical_altar_2,
          minmay_misc_feat_rows, hangedman_feature_mirror,
          kennysheep_generic_room_10
D:3:      first_bread, tgw_sif, uniq_grinder
D:4:      old_standard_altar, uniq_pikel
D:6:      grunt_temple_overflow_order_and_chaos_1, marbit_many_paths,
          minmay_temple_entry_grid, gup_sewer_entry_bowl,
          hangedman_abyss_or_decor_passed, uniq_blork_the_orc
D:7:      serial_shops, shop, grunt_ogre_cave, kennysheep_nondescript,
          lemuel_old_faithful
D:8:      enter_bailey_8, uniq_maurice
D:9:      dpeg_oklobed_lair, minmay_orc_entry_temple_small, basic_altar,
          uniq_psyche, uniq_erolcha
D:10:     kennysheep_steamy
D:11:     serial_shops, nicolae_shop_statue_plus, uniq_maud
Temple:   chambers_temple_14
Lair:1:   nicolae_quartered_pool_little, serial_bayou_shore_a
Sewer:    sewer_co_purgy_island
Bailey:   bailey_axe_minmay_hex_keep, bailey

Action                   |  1- 3 |  4- 6 |  7- 9 | 10-12 || total
-------------------------+-------+-------+-------+-------++-------
Melee: Unarmed           |   180 |   278 |   563 |   434 ||  1455
 Cast: Beastly Appendage |     9 |    17 |    20 |       ||    46
       Spider Form       |       |       |    18 |    27 ||    45
  Use: Scroll            |       |    10 |     4 |     7 ||    21
       Potion            |       |     4 |     8 |     1 ||    13
 Stab: Sleeping          |     3 |       |     1 |       ||     4
  Eat: Chunk             |     2 |     6 |     8 |    10 ||    26
       Meat ration       |       |     1 |     1 |       ||     2
       Royal jelly       |       |       |     1 |       ||     1
       Beef jerky        |       |       |       |     2 ||     2
